 Dungeon Crawl Stone Soup version 0.16-a0-119-gc74d62a (webtiles) character file.

7070 Jakon the Fighter (level 10, -12/141 HPs)
             Began as a Minotaur Fighter on Aug 12, 2014.
             Was a High Priest of Makhleb.
             Mangled by a komodo dragon (14 damage)
             ... on Level 1 of the Lair of Beasts.
             The game lasted 00:55:50 (10428 turns).

Jakon the Fighter (Minotaur Fighter)               Turns: 10428, Time: 00:55:50

HP -12/141       AC 25     Str 22      XL: 10   Next: 83%
MP   7/7         EV  2     Int  7      God: Makhleb [*****.]
Gold 357         SH  0     Dex 10      Spells:  0 memorised,  9 levels left

rFire  + . .     SeeInvis .     D - +1 broad axe
rCold  . . .     Clarity  .     p - melded +1 plate armour
rNeg   + + +     rCorr    +     u - +0 shield
rPois  +         rRot     .     (helmet restricted)
rElec  .         Spirit   .     j - melded +0 cloak
SustAb .         Warding  .     B - melded +0 pair of gloves
rMut   .         NoTele   +     (boots currently unavailable)
Gourm  .                        w - amulet of resist corrosion
MR     .....                    g - ring of flight
                                l - ring of protection from fire

@: confused, lethally poisoned, tree-form, weakened, very slightly contaminated,
hasted, very quick, not resistant to hostile enchantments, very unstealthy
A: (retaliatory headbutt), (horns 0)
a: Minor Destruction, Lesser Servant of Makhleb, Major Destruction, Greater
Servant of Makhleb, Renounce Religion


You were on level 1 of the Lair of Beasts.
You worshipped Makhleb.
Makhleb was extremely pleased with you.
You were full.
You were an animated tree.
You visited 3 branches of the dungeon, and saw 10 of its levels.

You collected 357 gold pieces.

Inventory:

Hand weapons
 D - a +1 broad axe (weapon)
Armour
 j - a +0 cloak (melded)
 p - a +1 plate armour (melded)
 u - a +0 shield (worn)
 B - a +0 pair of gloves (melded)
Magical devices
 k - a wand of draining (4)
 t - a wand of fireball (2)
 x - a wand of magic darts (0)
 E - a wand of confusion (14)
 F - a wand of fire (6)
Comestibles
 d - 6 bread rations
 i - 3 meat rations
 n - 4 fruits
 K - 4 royal jellies
 M - 6 beef jerkies
Scrolls
 f - a scroll of immolation
 h - a scroll of identify
 r - 2 scrolls of enchant armour
 v - 2 scrolls of enchant weapon
 y - 2 scrolls of recharging {unknown}
 G - a scroll of magic mapping {unknown}
 H - a scroll of acquirement {unknown}
Jewellery
 g - a ring of flight (right branch)
 l - a ring of protection from fire (left branch)
 s - an uncursed ring of protection from cold
 w - an amulet of resist corrosion (around neck)
Potions
 N - a potion of porridge
Rods
 C - a +2 rod of clouds (14/14)
   (You found it on level 4 of the Dungeon)


   Skills:
 + Level 10.6 Fighting
 + Level 10.2 Axes
 + Level 10.4 Armour
 + Level 10.3 Shields
 + Level 2.4 Invocations


You had 9 spell levels left.
You didn't know any spells.

Dungeon Overview and Level Annotations

Branches:
Dungeon (8/15)             Temple (1/1) D:4            Lair (1/8) D:8

Altars:
Ashenzari
Cheibriados
Dithmenos
Elyvilon
Fedhas
Gozag
Kikubaaqudgha
Makhleb
Nemelex Xobeh
Okawaru
Qazlal
Sif Muna
Trog
Vehumet
Xom
Yredelemnul
Zin
The Shining One


Innate Abilities, Weirdness & Mutations

((You reflexively headbutt those who attack you in melee.))
((You have a pair of horns on your head.))


Message History

* * * LOW HITPOINT WARNING * * *
You feel sick.
You finish eating.
That royal jelly was delicious!
You feel refreshed.
* * * LOW HITPOINT WARNING * * *
You feel sick.
A hippogriff comes into view.
Evoke which item? (* to show all) (? for menu, Esc to quit)
Zapping:
F - a wand of fire
Press: ? - help, Shift-Dir - straight line, f - komodo dragon
Aim: a komodo dragon
* * * LOW HITPOINT WARNING * * *
You feel very sick.
Evoke which item? (* to show all) (? for menu, Esc to quit)
Zapping:
F - a wand of fire {zapped: 1}
Press: ? - help, Shift-Dir - straight line, f/p - komodo dragon
Aim: a komodo dragon
* * * LOW HITPOINT WARNING * * *
You feel sick. The komodo dragon bites you!
You die...

##.######## ##.....
#......P#P###......
#..................
#..................
#..................
#..................
#..................
#..l...............
#.♣................
#........H.........
#..................
#......#######.....
####.### ##.....
### #...... ##.....
#..... #.....


You could see a komodo dragon and a hippogriff.

Vanquished Creatures
  Psyche (D:8)
  A black mamba (Lair:1)
  4 polar bears (Lair:1)
  The ghost of Deemzul the Insei, an average OpMo (D:4)
  A basilisk (Lair:1)
  6 yaks
  Eustachio (D:7)
  A hippogriff (Lair:1)
  A deep elf fighter (D:8)
  2 porcupines (Lair:1)
  A soldier ant (D:8)
  A water moccasin (Lair:1)
  A phantom (D:6)
  4 black bears (Lair:1)
  3 ogres
  An ice beast (D:4)
  7 centaurs
  2 crocodiles (D:8)
  A boring beetle (D:8)
  2 brain worms (D:8)
  7 giant frogs
  A wyvern skeleton (D:6)
  2 scorpions
  A troll skeleton (D:8)
  3 wights (D:8)
  A hippogriff skeleton (D:5)
  3 goliath beetles
  4 hounds
  3 orc priests
  5 iguanas
  4 orc wizards
  3 worker ants
  Ijyb (D:3)
  A big kobold skeleton (D:6)
  A hound zombie (D:6)
  9 adders
  A worker ant zombie (D:8)
  2 green rats (D:8)
  A gnoll skeleton (D:4)
  4 shadow imps
  A giant mite (D:7)
  A worm (D:5)
  An adder skeleton (D:7)
  7 giant geckos
  2 oozes
  35 orcs
  4 giant cockroaches
  10 hobgoblins
  4 jackals (D:1)
  12 quokkas
  17 bats
  5 giant newts
  10 goblins
  A hobgoblin skeleton (D:5)
  16 kobolds
  A kobold zombie (D:8)
  An orc zombie (D:5)
  21 rats
  A rat skeleton (D:6)
249 creatures vanquished.

Vanquished Creatures (collateral kills)
  A black mamba (Lair:1)
  A water moccasin (Lair:1)
2 creatures vanquished.

Grand Total: 251 creatures vanquished

Notes
Turn   | Place    | Note
--------------------------------------------------------------
     0 | D:1      | Jakon, the Minotaur Fighter, began the quest for the Orb.
     0 | D:1      | Reached XP level 1. HP: 19/19 MP: 1/1
   133 | D:1      | Reached skill level 4 in Fighting
   133 | D:1      | Reached XP level 2. HP: 27/27 MP: 1/1
   745 | D:2      | Reached XP level 3. HP: 31/33 MP: 2/2
  1347 | D:2      | Found a bloodstained altar of Trog.
  1630 | D:3      | Reached XP level 4. HP: 31/41 MP: 2/2
  1673 | D:3      | Noticed Ijyb
  1679 | D:3      | Killed Ijyb
  2139 | D:3      | Reached XP level 5. HP: 47/47 MP: 2/2
  2567 | D:4      | Reached skill level 5 in Fighting
  2585 | D:4      | Found a staircase to the Ecumenical Temple.
  2609 | Temple   | Entered the Ecumenical Temple
  2852 | Temple   | Became a worshipper of Makhleb the Destroyer
  2906 | D:4      | Noticed Deemzul's ghost (average OpMo)
  2929 | D:4      | Killed Deemzul's ghost
  2929 | D:4      | Reached skill level 5 in Armour
  2929 | D:4      | Reached skill level 5 in Shields
  2929 | D:4      | Reached XP level 6. HP: 38/56 MP: 3/3
  3046 | D:4      | Noticed an ice beast
  3053 | D:4      | Killed an ice beast
  3202 | D:4      | Reached XP level 7. HP: 46/62 MP: 3/3
  3247 | D:4      | Found a radiant altar of Vehumet.
  3268 | D:4      | Acquired Makhleb's first power
  3362 | D:4      | Reached skill level 6 in Fighting
  3733 | D:5      | Entered Level 5 of the Dungeon
  3789 | D:5      | Reached skill level 5 in Axes
  4835 | D:5      | Acquired Makhleb's second power
  5823 | D:5      | Reached XP level 8. HP: 71/71 MP: 3/3
  6034 | D:6      | Reached skill level 7 in Fighting
  6227 | D:6      | Found a basalt altar of Yredelemnul.
  6594 | D:6      | Acquired Makhleb's third power
  7089 | D:7      | Reached skill level 8 in Fighting
  7106 | D:7      | Reached XP level 9. HP: 77/81 MP: 4/4
  7683 | D:7      | Noticed Eustachio
  7697 | D:7      | Killed Eustachio
  7752 | D:7      | Found an iron altar of Okawaru.
  7771 | D:7      | Found a stormy altar of Qazlal.
  7771 | D:7      | Found a white marble altar of Elyvilon.
  7772 | D:7      | Found a deep blue altar of Sif Muna.
  8148 | D:8      | Noticed Psyche
  8160 | D:8      | Killed Psyche
  8249 | D:8      | Acquired Makhleb's fourth power
  8253 | D:8      | Found a sparkling altar of Nemelex Xobeh.
  8365 | D:8      | Reached skill level 9 in Fighting
  8922 | D:8      | Found a staircase to the Lair.
  8927 | D:8      | Reached XP level 10. HP: 91/91 MP: 4/4
  9083 | D:7      | Acquired Makhleb's fifth power
  9220 | Lair:1   | Entered Level 1 of the Lair of Beasts
  9291 | Lair:1   | Noticed a black mamba
  9305 | Lair:1   | Killed a black mamba
  9305 | Lair:1   | Reached skill level 10 in Fighting
  9648 | Lair:1   | Identified a +2 rod of clouds (14/14) (You found it on level 4 of the Dungeon)
  9773 | Lair:1   | Reached skill level 10 in Armour
  9826 | Lair:1   | Reached skill level 1 in Invocations
  9876 | Lair:1   | Reached skill level 10 in Shields
  9886 | Lair:1   | Reached skill level 10 in Axes
 10085 | Lair:1   | Noticed a black mamba
 10091 | Lair:1   | Killed a black mamba
 10426 | Lair:1   | HP: 6/141 [poisoned by an orange demon]
 10428 | Lair:1   | HP: 2/141 [poisoned by an orange demon]
 10428 | Lair:1   | Mangled by a komodo dragon

Action                   |  1- 3 |  4- 6 |  7- 9 | 10-12 || total
-------------------------+-------+-------+-------+-------++-------
Melee: War axe           |    88 |   152 |    43 |       ||   283
       Broad axe         |       |       |   393 |   115 ||   508
       Rod               |       |       |       |    29 ||    29
Invok: Lesser Servant of |       |       |       |     4 ||     4
       Minor Destruction |       |       |       |     2 ||     2
 Abil: Evoke Flight      |       |       |       |     1 ||     1
Evoke: Wand              |     1 |     2 |     4 |    13 ||    20
       Rod               |       |       |       |     3 ||     3
  Use: Potion            |       |       |     1 |     9 ||    10
       Scroll            |       |       |       |    18 ||    18
  Eat: Chunk             |     1 |     4 |     7 |       ||    12
       Beef jerky        |     1 |       |       |       ||     1
       Pizza             |       |     1 |       |       ||     1
       Meat ration       |       |       |     2 |     1 ||     3
       Royal jelly       |       |       |     1 |     1 ||     2
       Bread ration      |       |       |       |     1 ||     1
